 Dungeon Crawl Stone Soup version 0.20-a0-1116-gaa52201 (webtiles) character file.

201 HAL9000 the Chucker (level 5, -1/53 HPs)
             Began as an Ogre Hunter on May 7, 2017.
             Slain by a gnoll
             ... wielding a +0 flail
              (11 damage)
             ... on level 2 of the Dungeon.
             The game lasted 00:07:21 (3168 turns).

HAL9000 the Chucker (Ogre Hunter)                   Turns: 3168, Time: 00:07:22

Health: -1/53      AC:  3    Str: 16    XL:     5   Next: 79%
Magic:  5/5        EV:  7    Int: 12    God:
Gold:   178        SH:  7    Dex: 10    Spells: 4/4 levels left

rFire    . . .     SeeInvis .   z - +0 flail
rCold    . . .     Gourm    .   j - +0 shield
rNeg     . . .     Faith    .   b - +0 robe
rPois    .         Spirit   .   (helmet restricted)
rElec    .         Reflect  .   (no cloak)
rCorr    .         Harm     .   (gloves unavailable)
MR       .....                  (boots unavailable)
Stlth    +.........             (no amulet)
Regen    0.2/turn               (no ring)
MPRegen  0.1/turn               (no ring)

@: no status effects
A: unfitting armour, tough skin 1
a: no special abilities


You were on level 2 of the Dungeon.
You were not hungry.

You visited 1 branch of the dungeon, and saw 3 of its levels.

You collected 178 gold pieces.

Inventory:

Hand Weapons
 z - a +0 flail (weapon)
Missiles
 c - 5 large rocks (quivered)
 d - 2 throwing nets
Armour
 b - a +0 robe (worn)
 j - a +0 shield (worn)
Wands
 x - a wand of confusion (38/48)
Scrolls
 l - a scroll of immolation {unknown}
 r - a scroll of enchant armour {unknown}
 v - a scroll of enchant weapon {unknown}
 y - a scroll of magic mapping {unknown}
 A - 2 scrolls of identify
Potions
 i - a potion of curing
 p - a potion of magic
 u - a potion of invisibility
Comestibles
 f - 3 bread rations
 m - a fruit
 o - a meat ration


   Skills:
 - Level 3.1 Fighting
 * Level 3.9 Maces & Flails
 - Level 4.0 Throwing
 - Level 1.7 Dodging
 - Level 0.6 Stealth
 + Level 2.2 Shields


You had 4 spell levels left.
You didn't know any spells.

Dungeon Overview and Level Annotations

Branches:
Dungeon (3/15)

Altars:
Makhleb
Xom


Innate Abilities, Weirdness & Mutations

You are too large for most types of armour.
You have tough skin. (AC +1)


Message History

The frilled lizard hisses angrily.
There is a stone staircase leading up here.
You block the gnoll's attack.
You climb upwards.
There is a stone staircase leading down here.
You closely miss the gnoll. The gnoll hits you with a flail!
You hit the gnoll.
The gnoll is heavily wounded.
The gnoll barely misses you.
You hit the gnoll.
The gnoll is almost dead.
The gnoll hits you with a flail.
You barely miss the gnoll.
The gnoll is almost dead.
The gnoll hits you with a flail!
* * * LOW HITPOINT WARNING * * *
You closely miss the gnoll.
The gnoll is almost dead.
The gnoll hits you with a flail!
You die...

#.##########.#####
#############.......>†........
#...........#.############....
####.#########.............(....#
.....#...........#############..#
######.#########.# ##..# #.# #.#
#...# #.# #g# #...# #<# #@# #...#
#.# #.# #...# #.# #.# #.... #.#
#.# #..## #.# #.# ####..## #.#
#.# #....... ######.# #.#
#.##..## #......# #.# #.##..##
#.#.#### #.# #.##.###


You could see a gnoll.

Vanquished Creatures
  The ghost of FrancescoMac the Skirmisher, a weakling HuMo (D:3)
  4 adders
  4 gnolls
  An ooze (D:1)
  2 worms
  2 dart slugs
  A leopard gecko (D:1)
  2 orcs (D:3)
  11 bats
  6 goblins
  3 hobgoblins
  13 jackals
  2 frilled lizards
  9 kobolds
  9 rats
70 creatures vanquished.

Notes
Turn   | Place    | Note
-------+----------+-------------------------------------------
     0 | D:1      | HAL9000 the Ogre Hunter began the quest for the Orb.
     0 | D:1      | Reached XP level 1. HP: 22/22 MP: 1/1
    59 | D:1      | Reached skill level 1 in Maces & Flails
    59 | D:1      | Reached XP level 2. HP: 28/31 MP: 2/2
   364 | D:1      | Reached XP level 3. HP: 32/37 MP: 3/3
   624 | D:1      | Reached skill level 1 in Shields
  1005 | D:2      | Found a burning altar of Makhleb.
  1295 | D:2      | Reached XP level 4. HP: 39/45 MP: 4/4
  1652 | D:2      | Found a shimmering altar of Xom.
  2117 | D:3      | Reached XP level 5. HP: 31/53 MP: 5/5
  2126 | D:3      | Noticed FrancescoMac's ghost (weakling HuMo)
  2814 | D:3      | Killed FrancescoMac's ghost
  3168 | D:2      | Slain by a gnoll

Vault maps used:
D:1:      dpeg_arrival_oval, bh_walls_and_bars
D:2:      old_standard_altar, xom_teletrap_fun
D:3:      cheibrodos_pilgrimage

Skill      XL: |  1  2  3  4  5 |
---------------+----------------+-----
Fighting       | 3 |  3.1
Maces & Flails | 1 2 3 |  3.9
Shields        | 1 2 |  2.2
Throwing       | |  4.0
Dodging        | |  1.7
Stealth        | |  0.6

Action                   |  1- 3 |  4- 6 || total
-------------------------+-------+-------++-------
Melee: Mace              |   125 |   103 ||   228
       Short sword       |     8 |       ||     8
       Flail             |       |    43 ||    43
Throw: Large rock        |       |     4 ||     4
  Use: Scroll            |       |     5 ||     5
       Potion            |       |     1 ||     1
 Stab: Sleeping          |     2 |     1 ||     3
  Eat: Chunk             |     1 |     7 ||     8
Armor: Robe              |    57 |    39 ||    96
       Skin              |       |     7 ||     7
Dodge: Dodged            |    59 |    45 ||   104
Block: Shield            |    43 |    73 ||   116
